 Dungeon Sprint DCSS version 0.21-a0-405-gf2af9a1 (webtiles) character file.

5123 Kidiri the Carver (level 10, -1/74 HPs)
             Began as a Demonspawn Berserker on Nov 1, 2017.
             Was the Champion of Trog.
             Slain by an eidolon (3 damage)
             ... in the Dungeon (Sprint VII: "The Pits").
             The game lasted 00:09:12 (1380 turns).

Kidiri the Carver (Demonspawn Berserker)            Turns: 1380, Time: 00:09:12

Health: -1/74      AC: 19    Str: 17    XL:     10   Next: 32%
Magic:  10/10      EV: 14    Int: 13    God:    Trog [******]
Gold:   0          SH:  0    Dex: 11    Spells: 9/9 levels left

rFire    . . .     SeeInvis +   y - +9 triple sword of Upheaval {drain, rElec rPois Dex-4}
rCold    . . .     Gourm    .   (shield currently unavailable)
rNeg     . . .     Faith    .   b - +4 chain mail
rPois    +         Spirit   .   (helmet unavailable)
rElec    +         Reflect  .   (no cloak)
rCorr    .         Harm     .   (no gloves)
MR       ++...     Clarity  +   u - +0 pair of boots Stlth +.........NoTele +
                                (no amulet)
HPRegen  1.22/turn              p - +3 ring of intelligence
MPRegen  0.12/turn              q - +3 ring of evasion

@: regenerating, slowed, drained, very slow
A: antennae 3, slimy green scales 1, clarity, demonic guardian 1, frail 1,
powered by pain 1, wild magic 1
a: Berserk, Trog's Hand, Brothers in Arms, Burn Spellbooks, Renounce Religion


You were in the Dungeon.
You worshipped Trog.
Trog was exalted by your worship.
You were not hungry.

You visited 1 branch

Inventory:

Hand Weapons
 a - a +2 long sword of flaming
 r - a +3 antimagic dire flail
 v - a +2 longbow of freezing
 x - a +0 shortbow
 y - the +9 triple sword of Upheaval (weapon) {drain, rElec rPois Dex-4}
   (Trog gifted it to you in the Dungeon)

   A truly terrible weapon, it drains the life of those it strikes.
   It affects your dexterity (-4).
   It insulates you from electricity.
   It protects you from poison.
Missiles
 w - 19 arrows
Armour
 b - a +4 chain mail (worn)
 u - a +0 pair of boots (worn)
Jewellery
 p - a +3 ring of intelligence (left hand)
 q - a +3 ring of evasion (right hand)
Scrolls
 i - a scroll of blinking
 k - 3 scrolls of remove curse
 l - a scroll of summoning
Potions
 d - 8 potions of curing
 e - 7 potions of heal wounds
 f - a potion of haste
 g - 4 potions of magic
 h - 4 potions of berserk rage
 j - 2 potions of invisibility
 s - a potion of brilliance
 t - a potion of might
Comestibles
 c - 8 bread rations
 m - 40 fruits
 n - 7 meat rations
 o - 3 chunks of flesh


   Skills:
 + Level 9.3(8.5) Fighting
 * Level 11.7(10.8) Long Blades
 * Level 11.5(10.6) Armour
 * Level 11.5(10.6) Dodging
 + Level 8.8(8.0) Stealth


You had 9 spell levels left.
You didn't know any spells.

Dungeon Overview and Level Annotations

Branches:
Dungeon (1/1)

Altars:
Ashenzari
Cheibriados
Dithmenos
Elyvilon
Fedhas
Gozag
Hepliaklqana
Kikubaaqudgha
Makhleb
Nemelex Xobeh
Okawaru
Qazlal
Ru
Sif Muna
Trog
Uskayaw
Vehumet
Wu Jian
Xom
Yredelemnul
Zin
The Shining One
Beogh
Jiyva
Lugonu

Annotations:
D exclusions: 8 doors and 4 more exclusions


Innate Abilities, Weirdness & Mutations

You have a pair of large antennae on your head. (SInv)
You are partially covered in slimy green scales. (AC +2)
A weak demonic guardian rushes to your aid.
You sometimes gain a little power by taking damage.
You possess an exceptional clarity of mind.
You are frail. (-10% HP)
Your spells are a little harder to cast, but a little more powerful.


Message History

The eidolon drains your vigour!
You feel yourself slow down. The eidolon closely misses you.
The eidolon barely misses you. The eidolon misses you.
Your ufetubus barely misses the eidolon.
Your ufetubus hits the eidolon but does no damage.
The eidolon gestures.
The eidolon radiates an aura of fear!
You are unaffected.
Your ufetubus barely misses the eidolon.
Your ufetubus completely misses the eidolon.
Unknown command.
You closely miss the eidolon.
Your ufetubus hits the eidolon but does no damage.
Your ufetubus closely misses the eidolon.
The eidolon stares piercingly at you. The bolt of negative energy hits you!
You feel drained.
Ouch! That really hurt!
* * * LOW HITPOINT WARNING * * *
Your ufetubus closely misses the eidolon. x2
The eidolon hits you.
You die...

..........+ ..........+
#..#......# {{ ..........#
###++###### .##++#####
########### .##.(....#
#.........# .##......#
#.......# .###.(..##
####@).#### .# ##''##
###.)5W%)'..#
.###..).###...%##รท##....W#
.##......#....##...##....#
###......'....+.....' O..+
###......#....##...##. ..#
[###...)###....##'## . t#
.# ##++## ###..'...+ . )#
#))).# ####...###


You could see an eidolon and a friendly ufetubus.

Vanquished Creatures
  A fire crab (D)
  A flayed ghost (D)
  An orange demon (D)
  An efreet (D)
  A guardian mummy (D)
  A jumping spider (D)
  2 snapping turtles (D)
  A shadow (D)
  A redback (D)
  4 yaks (D)
  A water moccasin (D)
  A floating eye (D)
  An ogre (D)
  A bullfrog (D)
  A big kobold (D)
  2 crimson imps (D)
  A hound (D)
  2 orc wizards (D)
  3 orc priests (D)
  A gnoll shaman (D)
  A worker ant (D)
  3 gnolls (D)
  An adder (D)
  An ooze (D)
  A leopard gecko (D)
  8 orcs (D)
  A bat skeleton (D)
  A bat zombie (D)
  2 giant cockroaches (D)
  A kobold (D)
  A ball python (D)
  A quokka zombie (D)
  2 rats (D)
52 creatures vanquished.

Vanquished Creatures (collateral kills)
  A sea snake (D)
  A black mamba (D)
  A tyrant leech (D)
  2 redbacks (D)
  2 yaks (D)
  A centaur (D)
  A leopard gecko (D)
9 creatures vanquished.

Grand Total: 61 creatures vanquished

Notes
Turn   | Place    | Note
-------+----------+-------------------------------------------
     0 | D        | Kidiri the Demonspawn Berserker began the quest for the Orb.
     0 | D        | Reached XP level 1. HP: 18/18 MP: 1/1
    68 | D        | Found a bloodstained altar of Trog.
    68 | D        | Found a deep blue altar of Sif Muna.
    68 | D        | Found a viscous altar of Jiyva.
    68 | D        | Found a hazy altar of Hepliaklqana.
    68 | D        | Found an opulent altar of Gozag.
    69 | D        | Found a glowing golden altar of the Shining One.
    69 | D        | Found a glowing silver altar of Zin.
    69 | D        | Found a basalt altar of Yredelemnul.
    69 | D        | Found a shimmering altar of Xom.
    69 | D        | Found an ornate altar of the Wu Jian Council.
    69 | D        | Found a sacrificial altar of Ru.
    69 | D        | Found a stormy altar of Qazlal.
    69 | D        | Found an iron altar of Okawaru.
    69 | D        | Found a sparkling altar of Nemelex Xobeh.
    69 | D        | Found a burning altar of Makhleb.
    69 | D        | Found a blossoming altar of Fedhas.
    69 | D        | Found a white marble altar of Elyvilon.
    69 | D        | Found a shadowy altar of Dithmenos.
    69 | D        | Found a snail-covered altar of Cheibriados.
    71 | D        | Found a radiant altar of Vehumet.
    71 | D        | Found a corrupted altar of Lugonu.
    71 | D        | Found a roughly hewn altar of Beogh.
    72 | D        | Found a hide-covered altar of Uskayaw.
    72 | D        | Found an ancient bone altar of Kikubaaqudgha.
    72 | D        | Found a shattered altar of Ashenzari.
    86 | D        | Noticed a floating eye
    89 | D        | Killed a floating eye
    89 | D        | Gained mutation: You have a pair of small antennae on your head. [demonic ancestry]
    89 | D        | Reached XP level 2. HP: 25/25 MP: 2/2
    89 | D        | Reached XP level 3. HP: 30/30 MP: 3/3
    89 | D        | Reached XP level 4. HP: 37/37 MP: 4/4
    92 | D        | Reached ** piety under Trog
   134 | D        | Reached *** piety under Trog
   134 | D        | Reached skill level 5 in Long Blades
   270 | D        | Noticed a bullfrog
   283 | D        | Killed a bullfrog
   283 | D        | Reached **** piety under Trog
   283 | D        | Reached skill level 5 in Armour
   283 | D        | Reached skill level 5 in Dodging
   283 | D        | Gained mutation: You have a pair of antennae on your head. [demonic ancestry]
   283 | D        | Reached XP level 5. HP: 43/43 MP: 5/5
   292 | D        | Reached skill level 5 in Fighting
   295 | D        | Reached ***** piety under Trog
   297 | D        | Gained mutation: You are partially covered in slimy green scales. (AC +2) [demonic ancestry]
   297 | D        | Reached XP level 6. HP: 45/51 MP: 6/6
   430 | D        | Noticed a yak
   439 | D        | Killed a yak
   518 | D        | Received a gift from Trog
   522 | D        | Reached skill level 5 in Stealth
   524 | D        | Reached XP level 7. HP: 57/58 MP: 7/7
   538 | D        | Noticed a tyrant leech
   538 | D        | Noticed a sea snake
   542 | D        | Killed a sea snake
   544 | D        | Killed a tyrant leech
   544 | D        | Gained mutation: A weak demonic guardian rushes to your aid. [demonic ancestry]
   544 | D        | Reached XP level 8. HP: 65/65 MP: 8/8
   585 | D        | Gained mutation: You tend to lose your temper in combat. [potion of mutation]
   585 | D        | Gained mutation: You are resistant to hostile enchantments. (MR+) [potion of mutation]
   585 | D        | Gained mutation: You have supernaturally acute eyesight. (SInv) [potion of mutation]
   586 | D        | Lost mutation: You tend to lose your temper in combat. [potion of mutation]
   586 | D        | Lost mutation: You have supernaturally acute eyesight. (SInv) [potion of mutation]
   586 | D        | Lost mutation: You are resistant to hostile enchantments. (MR+) [potion of mutation]
   586 | D        | Gained mutation: Your spells are a little harder to cast, but a little more powerful. [potion of mutation]
   586 | D        | Gained mutation: You are frail. (-10% HP) [potion of mutation]
   586 | D        | Gained mutation: You possess an exceptional clarity of mind. [potion of mutation]
   709 | D        | Noticed a snapping turtle
   720 | D        | Killed a snapping turtle
   754 | D        | Noticed an efreet
   759 | D        | Killed an efreet
   764 | D        | Reached ****** piety under Trog
   861 | D        | Noticed a snapping turtle
   865 | D        | Received a gift from Trog
   876 | D        | Killed a snapping turtle
   876 | D        | Reached skill level 10 in Long Blades
   876 | D        | Gained mutation: You have a pair of large antennae on your head. (SInv) [demonic ancestry]
   876 | D        | Reached XP level 9. HP: 66/66 MP: 9/9
  1097 | D        | Reached skill level 10 in Armour
  1097 | D        | Reached skill level 10 in Dodging
  1111 | D        | Received a gift from Trog
  1148 | D        | Noticed an orange demon
  1150 | D        | Noticed a guardian mummy
  1159 | D        | Killed a guardian mummy
  1164 | D        | Killed an orange demon
  1300 | D        | Noticed a jumping spider
  1301 | D        | Noticed a flayed ghost
  1303 | D        | Received a gift from Trog
  1307 | D        | Noticed a black mamba
  1315 | D        | Killed a flayed ghost
  1315 | D        | Gained mutation: You sometimes gain a little power by taking damage. [demonic ancestry]
  1315 | D        | Reached XP level 10. HP: 74/74 MP: 10/10
  1316 | D        | Killed a black mamba
  1335 | D        | Got a steaming triple sword {god gift}
  1336 | D        | Identified the +9 triple sword of Upheaval {drain, rElec rPois Dex-4} (Trog gifted it to you in the Dungeon)
  1353 | D        | Noticed a fire crab
  1354 | D        | Noticed an eidolon
  1372 | D        | Killed a fire crab
  1373 | D        | Received a gift from Trog
  1380 | D        | HP: 2/74 [eidolon/bolt of negative energy (42)]
  1380 | D        | Slain by an eidolon

Vault maps used:
D:        pitsprint

Skill      XL: |  1  2  3  4  5  6  7  8  9 |
---------------+----------------------------+-----
Armour         | 4 5 6 7 8 9 11 | 11.5
Dodging        | 4 5 6 7 8 9 11 | 11.5
Fighting       | 4 5 6 7 9 |  9.3
Long Blades    | 4 5 6 7 8 10 11 | 11.7
Stealth        | 2 3 4 5 6 7 8 |  8.8

Action                   |  1- 3 |  4- 6 |  7- 9 | 10-12 || total
-------------------------+-------+-------+-------+-------++-------
Melee: Falchion          |     4 |    17 |       |       ||    21
       Long sword        |       |    42 |   110 |     5 ||   157
       Triple sword      |       |       |       |     9 ||     9
Invok: Berserk           |       |     1 |     6 |       ||     7
       Brothers in Arms  |       |       |     2 |       ||     2
       Trog's Hand       |       |       |     1 |     1 ||     2
  Use: Potion            |       |       |     2 |     1 ||     3
 Stab: Sleeping          |       |     1 |       |       ||     1
       Distracted        |       |       |     3 |       ||     3
  Eat: Chunk             |       |       |     8 |     2 ||    10
Armor: Animal skin       |     1 |     5 |       |       ||     6
       Scale mail        |       |    13 |     1 |       ||    14
       Chain mail        |       |       |    33 |     7 ||    40
Dodge: Dodged            |     2 |    36 |    90 |    16 ||   144
       Rpst.: Falchion   |     1 |     4 |       |       ||     5
       Long sword        |       |     5 |    26 |     1 ||    32
       Triple sword      |       |       |       |     1 ||     1

Table legend:
 A = Spawn XP
 B = Non-spawn XP
 C = Spawn XP percentage of total XP
 D = Spawn monster count
 E = Non-spawn monster count
 F = Spawn count percentage of total count
 G = Total turns spent on level
                    A         B        C        D         E        F      G
               +---------+---------+-------+---------+---------+-------+---------
         Total |       0 |    7319 |   0.0 |       0 |      61 |   0.0 |  1380
               +---------+---------+-------+---------+---------+-------+---------
             D |       0 |    7319 |   0.0 |       0 |      61 |   0.0 |  1380
               +---------+---------+-------+---------+---------+-------+---------
